 Dungeon Crawl Stone Soup version 0.28.0-55-gcd9437bce4 (webtiles) character file.

Game seed: 9377949147549223316

81 tkbsonic5 the Scratcher (level 4, 0/19 HPs)
             Began as a Felid Transmuter on Dec 18, 2022.
             Was a Believer of Sif Muna.
             Slain by a scorpion (7 damage)
             ... on level 4 of the Dungeon.
             The game lasted 00:14:37 (3509 turns).

tkbsonic5 the Scratcher (Felid Transmuter)          Turns: 3509, Time: 00:14:38

Health: 0/19       AC:  2    Str:  6    XL:     4   Next: 20%
Magic:  5/8        EV: 21    Int: 17    God:    Sif Muna [**....]
Gold:   199        SH:  0    Dex: 21    Spells: 1/8 levels left
                                        Lives:  0   Deaths: 1

rFire   + . .      SeeInvis +     - Unarmed
rCold   . . .      Faith    .   (shield unavailable)
rNeg    . . .      Spirit   .   (armour unavailable)
rPois   x          Reflect  .   (helmet unavailable)
rElec   .          Harm     .   (cloak unavailable)
rCorr   .          Rampage  .   (gloves unavailable)
Will    .....                   (boots unavailable)
Stlth   ++........              (no amulet)
HPRegen 0.06/turn               b - ring of protection from cold
MPRegen 0.11/turn               c - ring of fire

@: lethally poisoned (0 -> -15), spider-form (expiring)
A: venomous fangs, tiny, (claws 1), (fangs 3), see invisible, (speed 1), (shaggy
fur 1), (stealthy paws), no weapons or thrown items, no armour, multi-lived
a: End Transformation, Renounce Religion, Channel Magic


You were on level 4 of the Dungeon.
You worshipped Sif Muna.
Sif Muna was pleased with you.
You were a venomous arachnid creature.
You visited 1 branch of the dungeon, and saw 4 of its levels.

You collected 199 gold pieces.

Inventory:

Jewellery
 b - a ring of protection from cold (left front leg)
 c - a ring of fire (right front leg)
Wands
 d - a wand of iceblast (2)
Scrolls
 f - a scroll of amnesia
 h - a scroll of silence
Potions
 a - a potion of heal wounds {unknown}
 e - a potion of brilliance {unknown}
 g - a potion of magic {unknown}
 i - a potion of attraction


   Skills:
 * Level 2.1 Fighting
 * Level 3.1 Dodging
 + Level 1.9 Stealth
 * Level 3.5 Unarmed Combat
 * Level 2.5 Spellcasting
 * Level 1.1 Necromancy
 * Level 3.1 Transmutations
 * Level 0.8 Poison Magic
 + Level 0.3 Invocations
 + Level 0.5 Evocations


You had one spell level left.
You knew the following spells:

 Your Spells              Type           Power      Damage    Failure   Level
a - Beastly Appendage     Tmut           24%        N/A       14%         1
b - Wereblood             Tmut           12%        N/A       21%         2
c - Pain                  Necr           20%        1d5       28%         1
d - Spider Form           Tmut/Pois      8%         N/A       45%         3

Your spell library contained the following spells:

 Spells                   Type           Power      Damage    Failure   Level
 Animate Skeleton         Necr           10%        N/A       28%         1
 Vampiric Draining        Necr           5%         2d6       56%         3
 Ice Form                 Ice/Tmut       7%         N/A       85%         4


Dungeon Overview and Level Annotations

Branches:
Dungeon (4/15)
 Temple: D:4-7

Altars:
Dithmenos
Sif Muna

Annotations:
D:4 1 transporter, macfelon's ghost, amateur DECj


Innate Abilities, Weirdness & Mutations

You are a venomous arachnid creature.
You have poisonous fangs.
You are tiny and dextrous.
Your spellcasting is less reliable in this form.
((You have sharp claws.))
((You have razor-sharp teeth.))
You have supernaturally acute eyesight. (SInv)
((You cover ground quickly. (Speed+)))
((You are covered in fur. (AC +1)))
((Your paws help you pounce on unaware monsters.))
You are incapable of wielding weapons or throwing items.
You cannot wear armour.
You gain extra lives every three experience levels.


Message History

The hobgoblin looks as sick as possible!
The hobgoblin is moderately wounded.
The hobgoblin completely misses you.
You hit the hobgoblin but do no damage.
The hobgoblin looks as sick as possible!
The hobgoblin is heavily wounded.
The hobgoblin misses you.
You hit the hobgoblin.
You kill the hobgoblin!
Sif Muna accepts your kill.
Your transformation has ended.
Magic restored.
Found a ring mail.
There is a shaft here.
Found 13 bolts.
Found a stone staircase leading down.
An ufetubus comes into view.
Casting: Spider Form (potentially lethal; 24% risk of failure)
Confirm with . or Enter, or press ? or * to list all spells.
The spell is potentially lethal to miscast (24% risk of failure)!
Continue anyway?
You turn into a venomous arachnid creature.
Found 2 poisoned darts.
The ufetubus shouts!
You hear a shout!
A scorpion comes into view.
An endoplasm comes into view.
You hit the ufetubus.
The ufetubus is poisoned.
The ufetubus is lightly wounded.
The ufetubus completely misses you. The ufetubus misses you.
A goblin comes into view. It is wielding a +0 club.
You hit the ufetubus.
The ufetubus looks as sick as possible!
The ufetubus is almost dead.
You kill the ufetubus!
Sif Muna accepts your kill.
You hit the scorpion but do no damage.
The scorpion is poisoned.
The scorpion stings you!
You are lethally poisoned!
The scorpion poisons you!
Your transformation is almost over.
You feel very sick. The scorpion stings you!
You die...

.# ....(.
.# g....
.# ....
.# .J. .#
.. .# .#
.# ###.#
.# #.s.#
.# #s###
.# #.# .#
#.# .#
#.# .#
#.# .#
#.# .#
#######.#
.#
#.......#
)#
#.#######


You could see a scorpion (very poisoned) and an endoplasm.

Vanquished Creatures
  Terence (D:2)
  4 adders
  2 ufetubi (D:4)
  An adder skeleton (D:4)
  2 dart slugs
  2 orcs (D:3)
  5 bats
  6 endoplasms
  4 giant cockroaches
  7 goblins
  9 hobgoblins
  2 jackals (D:1)
  4 quokkas
  3 ball pythons
  A ball python skeleton (D:3)
  3 frilled lizards
  6 kobolds
  8 rats
70 creatures vanquished.

Notes
Turn   | Place    | Note
-------+----------+-------------------------------------------
     0 | D:1      | tkbsonic5 the Felid Transmuter began the quest for the Orb.
     0 | D:1      | Reached XP level 1. HP: 9/9 MP: 4/4
   219 | D:1      | Reached XP level 2. HP: 6/12 MP: 6/6
   619 | D:1      | Learned a level 2 spell: Wereblood
   764 | D:1      | Reached skill level 1 in Stealth
   870 | D:1      | Learned a level 1 spell: Pain
   872 | D:1      | Learned a level 1 spell: Animate Skeleton
   987 | D:1      | Found a faded altar of an unknown god.
   993 | D:1      | Prayed at the altar of an unknown god.
   993 | D:1      | Became a worshipper of Sif Muna the Loreminder
   993 | D:1      | Reached * piety under Sif Muna
  1174 | D:2      | Reached XP level 3. HP: 15/15 MP: 5/7
  1304 | D:2      | Noticed Terence
  2193 | D:2      | Killed Terence
  2194 | D:2      | Reached XP level 4. HP: 19/19 MP: 8/8
  2276 | D:2      | Learned a level 3 spell: Spider Form
  2904 | D:3      | Found a shadowy altar of Dithmenos.
  3000 | D:3      | Reached ** piety under Sif Muna
  3005 | D:3      | Reached skill level 1 in Necromancy
  3216 | D:3      | Identified the +8 trident "Qymelahi" {vamp, Int+2}
  3327 | D:4      | Found a transporter.
  3327 | D:4      | Noticed macfelon's ghost (amateur DECj)
  3346 | D:4      | Reached XP level 5. HP: 12/22 MP: 3/9
  3350 | D:4      | Slain by an iguana
  3351 | D:4      | Reached XP level 4. HP: -1/19 MP: 0/8
  3505 | D:4      | Noticed a scorpion
  3509 | D:4      | Slain by a scorpion

Illustrated notes

Levels and vault maps discovered:
D:1:      matt_arrival_spirals, layout_basic,
          dreamdust_ecumenical_altar_angels_and_demons, minmay_hexomino_f4
D:2:      layout_loops_ring, nicolae_concentric_dashed_squares_mild,
          uniq_terence
D:3:      layout_basic, nicolae_dithmenos_shadow_blocks, minmay_starry_boxes
D:4:      layout_loops_ring, lemuel_temple_firewalk_a, gammafunk_ghost_arena

Skill      XL: |  1  2  3  4 |
---------------+-------------+-----
Stealth        | 1 |  1.9
Dodging        | 3 |  3.1
Fighting       | 2 |  2.1
Necromancy     | 1 |  1.1
Transmutations | 3 |  3.1
Unarmed Combat | |  3.5
Spellcasting   | |  2.5
Poison Magic   | |  0.8
Invocations    | |  0.3
Evocations     | |  0.5

Action                   |  1- 3 |  4- 6 || total
-------------------------+-------+-------++-------
Melee: Unarmed           |    75 |    50 ||   125
       Bite              |     5 |     2 ||     7
       Headbutt          |     7 |     3 ||    10
       Punch             |     2 |       ||     2
 Cast: Beastly Appendage |    17 |     5 ||    22
       Wereblood         |     3 |     3 ||     6
       Pain              |    20 |    27 ||    47
       Spider Form       |       |     5 ||     5
Evoke: Wand              |     3 |       ||     3
  Use: Scroll            |     6 |       ||     6
       Potion            |     1 |     1 ||     2
Armor: Skin              |     3 |     4 ||     7
Dodge: Dodged            |    53 |    46 ||    99
